 Dungeon Crawl Stone Soup version 0.27-a0-522-g46bbb28828 (webtiles) character file.

Game seed: 15463461925991116751

48887 sahdkjhfkaj the Metallomancer (level 14, -4/68 HPs)
             Began as a Gargoyle Earth Elementalist on Mar 4, 2021.
             Was a High Priest of Vehumet.
             Slain by a boulder beetle (20 damage)
             ... on level 12 of the Dungeon.
             The game lasted 00:43:55 (31643 turns).

sahdkjhfkaj the Metallomancer (GrEE)               Turns: 31643, Time: 00:43:55

Health: -4/68      AC: 20    Str: 13    XL:     14   Next: 48%
Magic:  0/17       EV: 12    Int: 26    God:    Vehumet [*****.]
Gold:   690        SH:  5    Dex: 10    Spells: 2/17 levels left

rFire    + . .     SeeInvis .   a - staff of earth
rCold    . . .     Faith    .   (no shield)
rNeg     + . .     Spirit   .   z - +2 robe {Archmagi}
rPois    ∞         Reflect  +   M - +0 helmet
rElec    +         Harm     .   K - +1 cloak {Stlth+}
rCorr    .         Rampage  .   Q - +0 pair of gloves
Will     +....                  Z - +1 pair of boots
Stlth    ++........             V - amulet of reflection
HPRegen  0.21/turn              k - ring of protection from fire
MPRegen  0.15/turn              p - +6 ring of intelligence

@: flying
A: big wings, negative energy resistance 1, electricity resistance, unbreathing
1, petrification resistance, miasma immunity, AC +10
a: Stop Flying, Renounce Religion


You were on level 12 of the Dungeon.
You worshipped Vehumet.
Vehumet was extremely pleased with you.
You visited 3 branches of the dungeon, and saw 19 of its levels.

You collected 900 gold pieces.
You spent 210 gold pieces at shops.

Inventory:

Missiles
 b - 498 stones
Armour
 z - a +2 robe of the Archmagi (worn)
 K - a +1 cloak of stealth (worn)
 M - a +0 helmet (worn)
 Q - a +0 pair of gloves (worn)
 Z - a +1 pair of boots (worn)
Magical Staves
 a - a staff of earth (weapon)
Jewellery
 k - a ring of protection from fire (left hand)
 p - a +6 ring of intelligence (right hand)
 V - an amulet of reflection (around neck)
Wands
 e - a wand of charming (6)
 f - a wand of flame (93)
 j - a wand of acid (14)
 P - a wand of polymorph (14)
Scrolls
 m - 5 scrolls of magic mapping
 o - 4 scrolls of enchant armour
 r - a scroll of torment {unknown}
 u - a scroll of random uselessness {unknown}
 y - 3 scrolls of immolation
 B - 2 scrolls of blinking
 E - 3 scrolls of fear
 S - 2 scrolls of enchant weapon
 T - 5 scrolls of teleportation
 Y - a scroll of amnesia {unknown}
Potions
 n - 3 potions of ambrosia {unknown}
 q - 9 potions of curing
 s - 2 potions of brilliance {unknown}
 w - 4 potions of berserk rage {!q}
 x - a potion of degeneration {unknown}
 H - a potion of haste {!q}
 L - 3 potions of lignification
 N - 6 potions of attraction {unknown}
 O - a potion of flight {unknown}
 R - a potion of cancellation {unknown}
 W - 3 potions of heal wounds {!q}
Miscellaneous
 l - a lightning rod (3/4)
 t - a tin of tremorstones (2/2)
 U - a phantom mirror


   Skills:
 - Level 1.5 Dodging
 - Level 2.1 Stealth
 - Level 2.0 Spellcasting
 - Level 0.7 Transmutations
 + Level 25.5 Earth Magic


You had 2 spell levels left.
You knew the following spells:

 Your Spells              Type           Power        Failure   Level
a - Sandblast             Erth           100%         0%          1
d - Petrify               Tmut/Erth      100%         1%          4
k - Bolt of Magma         Conj/Fire/Erth 40%          2%          5
E - Lee's Rapid Deconstr  Erth           70%          0%          5

Your spell library contained the following spells:

 Spells                   Type           Power        Failure   Level
 Eringya's Noxious Bog    Tmut/Pois      3%           96%         6
 Passwall                 Tmut/Erth      85%          1%          2
 Freeze                   Ice            12%          3%          1
 Magic Dart               Conj           12%          3%          1
 Blink                    Tloc           N/A          16%         2
 Call Imp                 Summ           3%           16%         2
 Slow                     Hex            3%           16%         2
 Stone Arrow              Conj/Erth      100%         1%          3
 Conjure Flame            Conj/Fire      3%           9%          3
 Frozen Ramparts          Ice            6%           9%          3
 Mephitic Cloud           Conj/Pois/Air  3%           9%          3
 Hailstorm                Conj/Ice       3%           26%         4
 Ozocubu's Armour         Ice            3%           30%         3
 Summon Ice Beast         Ice/Summ       3%           71%         4


Dungeon Overview and Level Annotations

Branches:
Dungeon (12/15)            Temple (1/1) D:5            Lair (6/6) D:8
  Swamp (0/4) Lair:4        Snake (0/4) Lair:2        Slime (0/5) Lair:6
    Orc (0/2) D:10

Altars:
Ashenzari
Cheibriados
Dithmenos
Elyvilon
Gozag
Kikubaaqudgha
Makhleb
Nemelex Xobeh
Okawaru
Qazlal
Ru
Sif Muna
Trog
Uskayaw
Vehumet
Wu Jian
Yredelemnul
Jiyva

Shops:
D:5 *   D:11 [

Portals:
Trove: D:11 (give +6 fire dragon scales)


Innate Abilities, Weirdness & Mutations

You are resistant to torment.
Your stone body is resilient. (AC +10)
You are immune to poison.
Your large and strong wings let you fly indefinitely.
You resist negative energy. (rN+)
You are resistant to electric shocks. (rElec)
You can survive without breathing.
You are immune to petrification.
You are immune to miasma.


Message History

You hear the faint crackling of a very distant melting archway.
The wight barely misses you.
The centaur shoots an arrow.
The arrow hits you.
The boulder beetle curls into a ball and begins rolling!
The wight hits you but does no damage.
There is a stone staircase leading up here.
You feel a strong surge of power!
The wall shatters!
The blast of rock fragments hits the centaur warrior zombie!!!
The centaur warrior zombie is severely damaged.
The blast of rock fragments hits the centaur!!!
You kill the centaur!
Vehumet accepts your kill.
You feel your power returning.
You hear an angry hiss.
You block the wight's attack.
Unknown command.
You feel a strong surge of power!
The wall shatters!
The blast of rock fragments hits the centaur warrior zombie!!
You destroy the centaur warrior zombie!
Vehumet accepts your kill.
You feel your power returning.
You hear a croak.
A bullfrog comes into view.
The wight closely misses you.
You feel a strong surge of power!
The wall shatters!
The blast of rock fragments hits the boulder beetle!!
The boulder beetle is moderately wounded.
The wight barely misses you.
Unknown command.
You feel a strong surge of power!
The wall shatters!
The blast of rock fragments hits the boulder beetle!!!
The boulder beetle is almost dead.
You hear a shout!
The boulder beetle hits you!!!
Ouch! That really hurt!
* * * LOW HITPOINT WARNING * * *
The boulder beetle stops rolling and uncurls.
The wight hits you but does no damage.
Unknown command.
The boulder beetle bites you!!
You die...

# #. #. #.###
...## ##.## ...
#
......#.#.####.
#....F@..[....
#.##.Bz#.###..
..)..°. ..
#Z#...##. #..
.. #... .. .. z
#... .. . #...
... .... ...


You could see a boulder beetle, a bullfrog, 2 wights and a centaur warrior
zombie.

Vanquished Creatures
  Nessos (Lair:6)
  A dire elephant (Lair:6)
  A catoblepas (Lair:5)
  2 boulder beetles
  5 hydras
  A centaur warrior (D:10)
  A two-headed ogre (D:8)
  A deep troll shaman (Lair:6)
  3 death yaks (Lair:6)
  Urug (Lair:1)
  An unseen horror (D:10)
  A lindwurm (Lair:6)
  The ghost of dduke234 the Carver, a novice MiMo of Jiyva (D:8)
  An oklob plant (Lair:5)
  3 ugly things (D:11)
  11 elephants
  4 black mambas
  2 torpor snails
  14 cane toads
  A gargoyle (D:7)
  2 rime drakes
  9 komodo dragons
  2 trolls (D:9)
  A tyrant leech (Lair:4)
  Grinder (D:3)
  A hornet (D:10)
  A polar bear (Lair:5)
  3 slime creatures
  13 blink frogs
  2 shadows (D:11)
  A basilisk (Lair:6)
  42 yaks
  Sigmund (D:4)
  5 wyverns
  A steam dragon (D:9)
  2 swamp worms (Lair:4)
  13 water moccasins
  5 orc warriors
  An ice beast (D:10)
  2 black bears
  A sky beast (D:10)
  3 necrophages (D:9)
  23 wolves
  6 ogres
  4 centaurs
  2 phantoms
  3 kobold brigands
  Blork the orc (D:5)
  14 bullfrogs
  A gnoll sergeant (D:10)
  5 scorpions
  An electric eel (Lair:6)
  24 wights
  A howler monkey (D:4)
  A bullfrog zombie (D:7)
  2 centaur zombies
  A quasit (D:8)
  5 jellies
  10 orc priests
  A hound (D:10)
  4 bullfrog skeletons
  2 centaur skeletons
  Ijyb (D:4)
  An iguana (D:10)
  10 orc wizards
  6 worker ants
  2 hound zombies
  A hound skeleton (D:4)
  A mummy (D:9)
  A worker ant zombie (D:9)
  8 adders
  8 gnolls (D:10)
  3 white imps
  An ufetubus (D:8)
  An ooze (D:1)
  An adder zombie (D:8)
  An adder skeleton (D:6)
  5 worms
  5 leopard geckos
  48 orcs
  7 bats
  4 giant cockroaches
  9 goblins
  7 hobgoblins
  7 jackals (D:2)
  29 kobolds
  4 quokkas
  2 ball pythons
  3 frilled lizards
  2 quokka skeletons
  A quokka zombie (D:5)
  12 rats
  A bush (Lair:3)
471 creatures vanquished.

Vanquished Creatures (collateral kills)
  A water moccasin (Lair:6)
1 creature vanquished.

Vanquished Creatures (others)
  70 fungi
  88 plants
158 creatures vanquished.

Grand Total: 630 creatures vanquished

Notes
Turn   | Place    | Note
-------+----------+-------------------------------------------
     0 | D:1      | sahdkjhfkaj the Gargoyle Earth Elementalist began the quest
                  | for the Orb.
     0 | D:1      | Reached XP level 1. HP: 10/10 MP: 3/3
   283 | D:1      | Reached skill level 4 in Earth Magic
   426 | D:1      | Reached XP level 2. HP: 13/15 MP: 1/5
   474 | D:1      | Found a broken altar of Ashenzari.
  1073 | D:2      | Reached skill level 5 in Earth Magic
  1073 | D:2      | Reached XP level 3. HP: 19/19 MP: 2/6
  1500 | D:2      | Noticed an ogre
  1510 | D:2      | Killed an ogre
  1511 | D:2      | Reached skill level 6 in Earth Magic
  1511 | D:2      | Reached XP level 4. HP: 24/24 MP: 0/7
  1511 | D:2      | Reached XP level 5. HP: 28/28 MP: 0/8
  1673 | D:2      | Learned a level 5 spell: Lee's Rapid Deconstruction
  2432 | D:2      | Reached skill level 7 in Earth Magic
  3440 | D:4      | Reached skill level 8 in Earth Magic
  3440 | D:4      | Reached XP level 6. HP: 32/32 MP: 2/9
  3544 | D:4      | Noticed Grinder
  3778 | D:3      | Killed Grinder
  3779 | D:3      | Reached skill level 9 in Earth Magic
  3779 | D:3      | Reached XP level 7. HP: 26/36 MP: 0/10
  3935 | D:4      | Noticed Sigmund
  3960 | D:4      | Killed Sigmund
  3961 | D:4      | Reached skill level 10 in Earth Magic
  4781 | D:5      | Entered Level 5 of the Dungeon
  4953 | D:5      | Noticed Blork the orc
  5063 | D:5      | Killed Blork the orc
  5333 | D:4      | Reached skill level 11 in Earth Magic
  5333 | D:4      | Reached XP level 8. HP: 37/41 MP: 3/11
  5907 | D:5      | Found Myh Mucw's Assorted Antiques.
  6035 | D:5      | Noticed Ijyb
  6080 | D:4      | Killed Ijyb
  6278 | D:5      | Found a staircase to the Ecumenical Temple.
  6339 | Temple   | Entered the Ecumenical Temple
  6374 | Temple   | Became a worshipper of Vehumet
  7286 | D:6      | Reached skill level 12 in Earth Magic
  8689 | D:6      | Reached skill level 13 in Earth Magic
  8873 | D:7      | Noticed a +0 dagger
  8874 | D:7      | Found a hide-covered altar of Uskayaw.
  8874 | D:7      | Noticed a +0 hand axe
  9074 | D:7      | Reached * piety under Vehumet
  9074 | D:7      | Offered knowledge of Shock by Vehumet.
  9076 | D:7      | Reached XP level 9. HP: 45/45 MP: 1/12
 10072 | D:7      | Noticed a gargoyle
 10073 | D:7      | Killed a gargoyle
 10074 | D:7      | Reached skill level 14 in Earth Magic
 10786 | D:7      | Reached skill level 15 in Earth Magic
 11336 | D:8      | Offered knowledge of Magic Dart by Vehumet.
 11395 | D:8      | Noticed a two-headed ogre
 11463 | D:8      | Reached ** piety under Vehumet
 11464 | D:8      | Killed a two-headed ogre
 11465 | D:8      | Reached skill level 16 in Earth Magic
 11465 | D:8      | Reached XP level 10. HP: 50/50 MP: 4/13
 11904 | D:8      | Found a runed translucent gate.
 11905 | D:8      | Found a runed translucent gate.
 11906 | D:8      | Found a runed translucent gate.
 11906 | D:8      | Noticed dduke234's ghost (novice MiMo)
 12086 | D:8      | Found a staircase to the Lair.
 12086 | D:8      | You fall into a shaft and drop 3 floors!
 12092 | D:11     | Found an iron altar of Okawaru.
 12106 | D:11     | Noticed a boulder beetle
 12142 | D:10     | Entered Level 10 of the Dungeon
 12468 | D:10     | Offered knowledge of Frozen Ramparts by Vehumet.
 13081 | D:9      | Reached *** piety under Vehumet
 13155 | D:9      | Reached skill level 17 in Earth Magic
 13912 | D:9      | Offered knowledge of Sticky Flame by Vehumet.
 14202 | D:9      | Reached skill level 18 in Earth Magic
 14360 | D:9      | Reached XP level 11. HP: 54/54 MP: 12/14
 14892 | D:9      | Identified the +1 robe of the Lair of Beasts {rPois rCorr}
 15321 | D:8      | Found a viscous altar of Jiyva.
 15590 | D:8      | Reached **** piety under Vehumet
 15599 | D:8      | Killed dduke234's ghost
 15809 | D:9      | Offered knowledge of Bolt of Magma by Vehumet.
 15863 | D:9      | Learned a level 5 spell: Bolt of Magma
 15968 | Lair:1   | Entered Level 1 of the Lair of Beasts
 15968 | Lair:1   | Noticed an eight-headed hydra
 15996 | D:8      | Killed an eight-headed hydra
 15997 | D:8      | Reached skill level 19 in Earth Magic
 17217 | Lair:1   | Noticed Urug
 17251 | Lair:1   | Killed Urug
 17778 | Lair:2   | Reached skill level 20 in Earth Magic
 18468 | Lair:2   | Found a staircase to the Snake Pit.
 18495 | Lair:2   | Reached XP level 12. HP: 59/59 MP: 6/15
 19326 | Lair:2   | Reached skill level 21 in Earth Magic
 19709 | Lair:3   | Noticed a boulder beetle
 19768 | Lair:2   | Killed a boulder beetle
 19971 | Lair:3   | Noticed a five-headed hydra
 19982 | Lair:3   | Killed a five-headed hydra
 20853 | Lair:3   | Reached ***** piety under Vehumet
 21225 | Lair:3   | Offered knowledge of Lightning Bolt by Vehumet.
 21235 | Lair:3   | Learned a level 4 spell: Petrify
 21755 | Lair:4   | Identified the +1 scale mail of the Sky {rF+ rC+ rN++
                  | Str+4}
 22123 | Lair:4   | Reached skill level 22 in Earth Magic
 22336 | Lair:4   | Found a staircase to the Swamp.
 22823 | Lair:4   | Noticed a five-headed hydra
 22827 | Lair:4   | Killed a five-headed hydra
 23114 | Lair:4   | Reached XP level 13. HP: 59/63 MP: 4/16
 23979 | Lair:5   | Reached skill level 23 in Earth Magic
 24867 | Lair:6   | Entered Level 6 of the Lair of Beasts
 25107 | Lair:6   | Noticed Nessos
 25128 | Lair:6   | Killed Nessos
 25890 | Lair:6   | Reached skill level 24 in Earth Magic
 25927 | Lair:6   | Found a viscous altar of Jiyva.
 25928 | Lair:6   | Found a staircase to the Slime Pits.
 27418 | Lair:6   | Gained mutation: Your large and strong wings let you fly
                  | indefinitely. [Gargoyle growth]
 27418 | Lair:6   | Reached XP level 14. HP: 54/68 MP: 5/17
 28639 | Lair:6   | Noticed a dire elephant
 28642 | Lair:6   | Killed a dire elephant
 28662 | Lair:6   | Reached skill level 25 in Earth Magic
 29193 | D:10     | Found an ancient bone altar of Kikubaaqudgha.
 30270 | D:10     | Found a staircase to the Orcish Mines.
 30501 | D:11     | Found a portal to a secret trove of treasure.
 31068 | D:11     | Offered knowledge of Eringya's Noxious Bog by Vehumet.
 31406 | D:11     | Found Xeux's Antique Armour Emporium.
 31409 | D:11     | Bought a glowing cloak for 210 gold pieces
 31643 | D:12     | Slain by a boulder beetle

Illustrated notes

Levels and vault maps discovered:
D:1:      dpeg_arrival_three_same_balls, layout_basic, nrook_campfire,
          evilmike_ruin_ashenzari
D:2:      layout_basic
D:3:      layout_rooms, serial_glass, glass_columns_a, glass_columns_b,
          glass_columns_a, glass_columns_b
D:4:      layout_basic, chequers_avenue, uniq_grinder, uniq_sigmund
D:5:      layout_basic, minmay_temple_entry_large_hall, serial_shops,
          shop_fountains, hangedman_glass_garden, minmay_chambers_of_fives,
          uniq_ijyb, uniq_blork_the_orc
D:6:      layout_loops_ring, minmay_misc_feat_room, columned_hall_lemuel,
          minmay_small_thing
D:7:      minmay_cornered_nines, layout_basic, dancing_weapons_uskayaw,
          minmay_misc_feat_five, chequers_serial_rivers_micro_b
D:8:      layout_loops_ring, dpeg_oklobed_lair, gammafunk_ghost_ooze
D:9:      layout_irregular_city, serial_undead, serial_undead_e,
          serial_undead_a, serial_undead_d, serial_undead_a
D:10:     layout_gridville, hiddenorc1_lemuel, basic_altar,
          lightli_bailey_entry_fortress
D:11:     layout_small_grid, basic_altar, enter_trove_0, serial_shops,
          nicolae_shop_behind_doors, st_stairs_10, minmay_misc_feat_doors
D:12:     layout_basic, portal_ice_cave_entry_animals_and_master
Temple:   nicolae_temple_the_god_donut
Lair:1:   layout_chaotic_city, grunt_megastairs_3, uniq_urug
Lair:2:   nzn_winding_woodlands_small
          [nzn_winding_woodlands_5x15_river_crossing,
          nzn_winding_woodlands_center_garden,
          nzn_winding_woodlands_5x15_sidewinder], layout_misc_corridors,
          guppyfry_snake_entry_garden
Lair:3:   layout_regular_city
Lair:4:   layout_regular_city, minmay_swamp_entry_worms
Lair:5:   layout_long_grid
Lair:6:   grunt_lair_end_beastmaster, layout_small_grid, slime_altar_1,
          serial_bayou_shore_a, uniq_nessos

Skill      XL: |  1  2  3  4  5  6  7  8  9 10 11 12 13 14 |
---------------+-------------------------------------------+-----
Earth Magic    | 4 5 6 8 9 11 13 16 18 20 22 24 25 | 25.5
Dodging        | |  1.5
Stealth        | |  2.1
Spellcasting   | |  2.0
Transmutations | |  0.7

Action                   |  1- 3 |  4- 6 |  7- 9 | 10-12 | 13-15 || total
-------------------------+-------+-------+-------+-------+-------++-------
Melee: Unarmed           |       |     6 |    25 |       |       ||    31
       Whip              |       |       |    35 |   215 |    52 ||   302
       Staff             |       |       |       |       |    69 ||    69
 Cast: Sandblast         |    45 |    27 |    29 |    52 |    54 ||   207
       Lee's Rapid Decon |       |    18 |    86 |   146 |   143 ||   393
       Bolt of Magma     |       |       |       |     8 |     3 ||    11
       Petrify           |       |       |       |       |     3 ||     3
 Abil: Fly               |       |       |       |       |     1 ||     1
Evoke: Wand              |       |       |       |       |     1 ||     1
       Lightning rod     |       |       |       |       |     2 ||     2
  Use: Scroll            |       |       |     5 |     4 |     2 ||    11
       Potion            |       |       |       |     3 |     1 ||     4
 Stab: Petrified         |       |       |       |       |     3 ||     3
       Sleeping          |       |       |       |       |     1 ||     1
Armor: Robe              |    12 |    18 |    65 |   155 |   178 ||   428
Dodge: Dodged            |    17 |    30 |   105 |   218 |   128 ||   498
Block: Other             |       |       |       |    50 |    63 ||   113
       Reflection        |       |       |       |     2 |     4 ||     6

Table legend: (Time is in decaauts)
 A = Elapsed time spent in this place.
 B = Non-inter-level travel time spent in this place.
 C = Inter-level travel time spent in this place.
 D = Time resting spent in this place.
 E = Time spent auto-exploring this place.
 F = Levels seen in this place.
 G = Mean time per level.
                   A        B        C        D        E       F      G
               +--------+--------+--------+--------+--------+-----+--------+
         Total |  31787 |  30821 |    966 |   1717 |  24712 |  19 | 1673.0 |
       Dungeon |  19270 |  18616 |    654 |    661 |  15264 |  12 | 1605.8 |
        Temple |     62 |     36 |     26 |      0 |     18 |   1 |   62.0 |
          Lair |  12454 |  12168 |    286 |   1056 |   9430 |   6 | 2075.7 |
               +--------+--------+--------+--------+--------+-----+--------+

Top non-repeatable levels by time:
  Lair:6: 2985 daAuts
     D:9: 2499 daAuts
  Lair:4: 2267 daAuts
     D:7: 2231 daAuts
     D:6: 2221 daAuts
  Lair:5: 2136 daAuts
    D:10: 2055 daAuts
  Lair:2: 2001 daAuts
     D:8: 1946 daAuts
     D:2: 1911 daAuts
     D:4: 1707 daAuts
     D:5: 1642 daAuts
  Lair:3: 1577 daAuts
  Lair:1: 1487 daAuts
    D:11: 1172 daAuts
